 Dungeon Crawl Stone Soup version 0.19-a0-659-g8260ecf (webtiles) character file.

3113 georgeearnest the Protected (level 9, -10/118 HPs)
             Began as a Hill Orc Fighter on June 15, 2016.
             Was a Believer of Beogh.
             Mangled by Bodrick's ghost (14 damage)
             ... on level 8 of the Dungeon.
             The game lasted 00:14:02 (8913 turns).

georgeearnest the Protected (Hill Orc Fighter)      Turns: 8913, Time: 00:14:03

Health: -10/118    AC:  6    Str: 35    XL:     9   Next: 91%
Magic:  9/9        EV: 10    Int:  8    God:    Beogh [**....]
Gold:   407        SH: 14    Dex: 10    Spells: 0 memorised, 8 levels left

rFire  . . .     SeeInvis .     J - +2 hand axe
rCold  . . .     Gourm    .     b - +0 scale mail
rNeg   + . .     Faith    .     c - +1 shield
rPois  .         Spirit   .     l - -5 helmet "Ureskagg" {*Contam rElec MR+ Str+8}
rElec  +         Dismiss  .     a - +0 cloak (curse)
rCorr  .         Reflect  .     (no gloves)
SustAt .         Harm     .     (no boots)
MR     ++...                    (no amulet)
Stlth  ..........               y - ring of protection from magic
                                B - ring of positive energy

@: berserking (expiring), very quick, very resistant to hostile enchantments,
extremely unstealthy
A: no striking features
a: Smiting, Renounce Religion


You were on level 8 of the Dungeon.
You worshipped Beogh.
Beogh was pleased with you.
You were not hungry.

You visited 1 branch of the dungeon, and saw 8 of its levels.

You collected 407 gold pieces.

Inventory:

Hand Weapons
 J - a +2 hand axe (weapon)
Armour
 a - a cursed +0 cloak (worn)
 b - a +0 scale mail (worn)
 c - a +1 shield (worn)
 l - the -5 helmet "Ureskagg" (worn) {*Contam rElec MR+ Str+8}
   (You took it off Robin on level 2 of the Dungeon)

   It affects your strength (+8).
   It insulates you from electricity.
   It affects your resistance to hostile enchantments.
   It causes magical contamination when unequipped.
Jewellery
 i - an uncursed ring of ice
 y - a ring of protection from magic (right hand)
 B - a ring of positive energy (left hand)
 M - an uncursed ring of magical power {unknown}
Wands
 t - a wand of lightning (7/15)
 F - a wand of slowing (23/48)
 H - a wand of lightning (4/15)
Scrolls
 d - 2 scrolls of magic mapping
 e - 3 scrolls of remove curse
 h - 3 scrolls of fog
 j - 2 scrolls of enchant armour
 k - 2 scrolls of teleportation
 m - 3 scrolls of immolation {unknown}
 n - a scroll of recharging {unknown}
 o - 2 scrolls of amnesia {unknown}
 s - 3 scrolls of identify {unknown}
 v - a scroll of random uselessness {unknown}
 x - a scroll of fear {unknown}
 D - 2 scrolls of vulnerability {unknown}
 N - a scroll of enchant weapon {unknown}
Potions
 f - a potion of curing {unknown}
 q - 2 potions of brilliance {unknown}
 r - a potion of berserk rage
 u - a potion of cancellation {unknown}
 w - a potion of ambrosia {unknown}
 z - 2 potions of flight {unknown}
 C - a potion of haste {unknown}
 E - 2 potions of heal wounds {unknown}
 G - a potion of mutation {unknown}
 I - a potion of cure mutation {unknown}
 K - a potion of magic {unknown}
 L - a potion of degeneration {unknown}
Comestibles
 g - 4 meat rations
 p - 4 fruits
 A - a beef jerky


   Skills:
 + Level 7.6 Fighting
 + Level 8.3 Axes
 + Level 8.4 Armour
 + Level 3.9 Dodging
 + Level 0.3 Stealth
 + Level 7.7 Shields


You had 8 spell levels left.
You didn't know any spells.

Dungeon Overview and Level Annotations

Branches:
Dungeon (8/15)             Temple (0/1) D:4
   Lair: D:8-11

Altars:
Ashenzari
Cheibriados
Gozag
Nemelex Xobeh

Annotations:
D:8 Bodrick's ghost, novice FoFi


Message History

Bodrick's ghost hits you!
* * * LOW HITPOINT WARNING * * *
A red film seems to cover your vision as you go berserk!
You feel yourself moving faster!
You feel mighty! You block Bodrick's ghost's attack.
Your shield prevents you from hitting Bodrick's ghost.
Bodrick's ghost is lightly damaged.
You block Bodrick's ghost's attack.
You closely miss Bodrick's ghost.
Bodrick's ghost is lightly damaged.
Bodrick's ghost hits you!
* * * LOW HITPOINT WARNING * * *
You are too berserk!
You feel a strong urge to attack something.
You barely miss Bodrick's ghost.
Bodrick's ghost is lightly damaged.
You slash Bodrick's ghost!
Bodrick's ghost is moderately damaged.
Bodrick's ghost hits you!
You die...

#### ##### ..# #...# ###
###.# #@Wo######.###.#..
#....oo......%.#.. #.
#######o##.....#..
..#.###########.##.<......
................W..........
...........o.o.oo...........
............o..............#
......[......>...........#.#
............................


You could see an orc priest, Bodrick's ghost and 3 orcs.

Vanquished Creatures
  A hungry ghost (D:7)
  A hippogriff (D:7)
  3 orc warriors
  4 sky beasts
  A black bear (D:7)
  A phantom (D:7)
  A centaur (D:7)
  2 ogres (D:4)
  5 giant frogs
  4 scorpions
  4 wights (D:7)
  A howler monkey (D:6)
  2 crimson imps (D:7)
  A centaur zombie (D:7)
  3 hounds
  A jelly (D:8)
  5 orc priests
  6 orc wizards
  Crazy Yiuf (D:2)
  A giant frog skeleton (D:7)
  2 iguanas
  3 worker ants
  2 hound skeletons
  A worker ant zombie (D:5)
  Robin (D:2)
  9 gnolls
  9 adders
  A shadow imp (D:7)
  2 oozes
  An adder zombie (D:3)
  An adder skeleton (D:7)
  2 worms (D:3)
  3 dart slugs
  4 giant geckos
  22 orcs
  6 bats
  4 giant cockroaches
  4 hobgoblins
  13 jackals
  2 quokkas
  2 ball pythons
  A ball python skeleton (D:5)
  A giant cockroach zombie (D:5)
  A giant gecko skeleton (D:5)
  5 giant newts
  12 goblins
  10 kobolds
  A quokka skeleton (D:7)
  10 rats
183 creatures vanquished.

Vanquished Creatures (others)
  An orc (D:5)
1 creature vanquished.

Grand Total: 184 creatures vanquished

Notes
Turn   | Place    | Note
--------------------------------------------------------------
     0 | D:1      | georgeearnest the Hill Orc Fighter began the quest for the Orb.
     0 | D:1      | Reached XP level 1. HP: 19/19 MP: 1/1
    59 | D:1      | Reached XP level 2. HP: 22/27 MP: 2/2
   418 | D:1      | Reached XP level 3. HP: 28/33 MP: 3/3
  1090 | D:2      | Reached XP level 4. HP: 4/40 MP: 4/4
  2065 | D:2      | Noticed Robin
  2074 | D:2      | Killed Robin
  2074 | D:2      | Reached XP level 5. HP: 42/47 MP: 5/5
  2076 | D:2      | Got a translucent helmet
  2082 | D:2      | Identified the cursed -5 helmet "Ureskagg" {*Contam rElec MR+ Str+8} (You took it off Robin on level 2 of the Dungeon)
  2342 | D:2      | Found a snail-covered altar of Cheibriados.
  2365 | D:2      | Noticed Crazy Yiuf
  2373 | D:2      | Killed Crazy Yiuf
  2745 | D:3      | Reached skill level 5 in Fighting
  2745 | D:3      | Reached XP level 6. HP: 23/56 MP: 6/6
  3053 | D:3      | Reached skill level 1 in Dodging
  3471 | D:4      | Reached skill level 5 in Armour
  3817 | D:4      | Reached skill level 5 in Axes
  3817 | D:4      | Reached XP level 7. HP: 52/61 MP: 7/7
  3980 | D:4      | Found a staircase to the Ecumenical Temple.
  4048 | D:4      | Reached skill level 5 in Shields
  4199 | D:5      | Entered Level 5 of the Dungeon
  4313 | D:5      | Became a worshipper of Beogh the Brigand
  4810 | D:5      | Found a sparkling altar of Nemelex Xobeh.
  5389 | D:6      | Reached XP level 8. HP: 49/70 MP: 8/8
  6063 | D:6      | Reached * piety under Beogh
  6554 | D:6      | Found a shattered altar of Ashenzari.
  6785 | D:7      | Reached XP level 9. HP: 43/78 MP: 9/9
  7709 | D:7      | Reached ** piety under Beogh
  8468 | D:7      | Found an opulent altar of Gozag.
  8866 | D:8      | Noticed Bodrick's ghost (novice FoFi)
  8908 | D:8      | HP: 3/118 [Bodrick's ghost (13)]
  8913 | D:8      | Mangled by Bodrick's ghost

Vault maps used:
D:1:      mrwooster_arrival_statue_3, st_stairs_8, minmay_misc_feat_diagonals,
          minmay_misc_feat_doors, minmay_bisected
D:2:      overflow_temple_1_default, first_bread, uniq_crazy_yiuf_cottage,
          uniq_robin
D:3:      grunt_decor_cap
D:4:      temple_pool_a
D:5:      nemelex_xobeh_ov_fountains_minmay
D:6:      marbit_many_paths
D:7:      kennysheep_little_box
D:8:      elyvilon_altar_1, enter_bailey_7, bloody_makhleb

Skill      XL: |  1  2  3  4  5  6  7  8  9 |
---------------+----------------------------+-----
Fighting       | 4 5 6 7 |  7.6
Axes           | 3 4 5 6 7 8 |  8.3
Shields        | 4 5 6 7 |  7.7
Armour         | 4 5 7 8 |  8.4
Dodging        | 1 2 3 |  3.9
Stealth        | |  0.3

Action                   |  1- 3 |  4- 6 |  7- 9 || total
-------------------------+-------+-------+-------++-------
Melee: War axe           |    90 |   168 |   228 ||   486
       Hand axe          |       |       |   239 ||   239
Invok: Convert to Beogh  |       |       |     1 ||     1
  Use: Potion            |     1 |       |     2 ||     3
       Scroll            |       |     5 |       ||     5
  Eat: Bread ration      |     1 |     2 |     3 ||     6
       Meat ration       |       |       |     2 ||     2
Armor: Scale mail        |    36 |    54 |    92 ||   182
Dodge: Dodged            |    26 |    40 |   109 ||   175
Block: Shield            |    52 |    95 |   307 ||   454
